AoeStats
← 鄙人張麻子

Arabia

503415541Analyzed
1v1 RM · 1mo ago on Aug 31, 2026· 38m 49s· 2 players
Game mode
Random Map
Map size
Tiny (2 player)
Population
200
Speed
Normal
Resources
Standard
Victory
Conquest
Starting age
Dark Age
Ending age
Imperial Age
RankedLock teamsTeams togetherTeam positionsShared explorationLock speedFull tech treeHidden civsTurbo modeCheats
Victory
Defeat
🇧🇷 Chinese · Brazil
1259
+15
🇹🇼 Magyars · Taiwan
1234
-15
鄙人張麻子
6:48 Loom
8:58 Feudal Age
9:44 Double-Bit Axe
16:08 Wheelbarrow
19:58 Horse Collar
22:32 Castle Age
21:08 Fletching
23:18 Bodkin Arrow
23:24 Scale Mail Armor
23:46 Bow Saw
26:18 Husbandry
28:33 Hand Cart
28:04 Town Watch
34:52 Padded Archer Armor
34:58 Scale Barding Armor
36:19 Bloodlines
38:31 Light Cavalry
PNLN | texugo do mel
1:02 Loom
9:47 Feudal Age
9:51 Man-at-Arms
11:12 Double-Bit Axe
16:36 Fletching
22:36 Castle Age
22:23 Scale Barding Armor
22:34 Forging
23:17 Bloodlines
23:49 Bow Saw
28:03 Wheelbarrow
27:44 Horse Collar
30:52 Iron Casting
30:41 Chain Barding Armor
35:52 Iron Casting
Connection lost

Rejoining the realm…

Still unreachable

The connection could not be restored.

Session expired

The server has moved on; the page needs a fresh start.